 Dungeon Crawl Stone Soup version 0.28.0-47-ge53b351184 (webtiles) character file.

Game seed: 13265649307822591394

40 Icepheonix32 the Chiller (level 3, -2/24 HPs)
             Began as a Demonspawn Ice Elementalist on May 4, 2022.
             Slain by a gnoll
             ... wielding a +0 flail
              (4 damage)
             ... on level 3 of the Dungeon.
             The game lasted 00:01:57 (1604 turns).

Icepheonix32 the Chiller (DsIE)                     Turns: 1604, Time: 00:01:58

Health: -2/24      AC: 10    Str:  8    XL:     3   Next: 30%
Magic:  0/6        EV: 12    Int: 18    God:
Gold:   24         SH:  0    Dex: 11    Spells: 2/6 levels left

rFire   . . .      SeeInvis .   (no weapon)
rCold   . . .      Faith    .   (no shield)
rNeg    . . .      Spirit   .   a - +0 robe
rPois   .          Reflect  .   (no helmet)
rElec   .          Harm     .   (no cloak)
rCorr   .          Rampage  .   (no gloves)
Will    .....                   (no boots)
Stlth   ++........              (no amulet)
HPRegen 0.08/turn               (no ring)
MPRegen 0.10/turn               (no ring)

@: ice-armoured
A: icy blue scales 1, demonic touch 1, clumsy 1, mutation resistance 1, subdued
magic 1
a: no special abilities


You were on level 3 of the Dungeon.
You visited 1 branch of the dungeon, and saw 3 of its levels.

You collected 24 gold pieces.

Inventory:

Missiles
 c - 5 poisoned darts
 e - 2 throwing nets
Armour
 a - a +0 robe (worn)
Scrolls
 b - 2 scrolls of teleportation {unknown}
 d - a scroll of enchant armour {unknown}
 f - a scroll of brand weapon {unknown}
 g - a scroll of identify {unknown}


   Skills:
 - Level 1.7 Dodging
 - Level 1.7 Stealth
 * Level 2.1 Spellcasting
 + Level 4.6 Ice Magic


You had 2 spell levels left.
You knew the following spells:

 Your Spells              Type           Power      Damage    Failure   Level
a - Freeze                Ice            56%        1d7       1%          1
b - Ozocubu's Armour      Ice            14%        N/A       6%          3

Your spell library contained the following spells:

 Spells                   Type           Power      Damage    Failure   Level
 Frozen Ramparts          Ice            28%        1d4       6%          3
 Hailstorm                Conj/Ice       7%         3d4       52%         4


Dungeon Overview and Level Annotations

Branches:
Dungeon (2/15)

Altars:


Innate Abilities, Weirdness & Mutations

You are partially covered in icy blue scales. (AC +2)
Your touch may inflict minor irresistible damage on your foes.
You are clumsy. (Dex -2)
You are somewhat resistant to further mutation.
Your spells are a little easier to cast, but a little less powerful.


Message History

The gnoll is almost dead.
The gnoll hits you from afar with a +0 spear.
The gnoll barely misses you.
Casting: Freeze (safe; 1% risk of failure)
Confirm with . or Enter, or press ? or * to list all spells.
The spell is quite dangerous to miscast (6% risk of failure)!
Continue anyway?
Okay, then.
Casting: Ozocubu's Armour (quite dangerous; 6% risk of failure)
Confirm with . or Enter, or press ? or * to list all spells.
The spell is quite dangerous to miscast (6% risk of failure)!
Continue anyway?
Okay, then.
There are monsters nearby!
Unknown command.
Casting: Ozocubu's Armour (quite dangerous; 6% risk of failure)
Confirm with . or Enter, or press ? or * to list all spells.
The spell is quite dangerous to miscast (6% risk of failure)!
Continue anyway?
A film of ice covers your body! The gnoll hits you with a +0 flail.
Unknown command.
You hit the gnoll but do no damage. The gnoll hits you with a +0 flail.
You barely miss the gnoll. Your touch misses the gnoll.
The gnoll barely misses you. The gnoll misses you.
You closely miss the gnoll. The gnoll hits you but does no damage.
The gnoll hits you with a +0 flail.
You barely miss the gnoll.
You touch the gnoll.
The gnoll is moderately wounded.
The gnoll closely misses you. The gnoll barely misses you.
You barely miss the gnoll.
The gnoll is moderately wounded.
The gnoll hits you from afar with a +0 spear.
The gnoll misses you.
You barely miss the gnoll.
The gnoll is moderately wounded.
The gnoll hits you from afar with a +0 spear.
* * * LOW HITPOINT WARNING * * *
The gnoll hits you with a +0 flail.
* * * LOW HITPOINT WARNING * * *
You closely miss the gnoll.
You touch the gnoll.
The gnoll is heavily wounded.
The gnoll barely misses you. The gnoll hits you with a +0 flail.
You die...

### ..# #.# .#
#.# .# #.# ..#
#.# ..# #@#
...#
#g######...###
#gg...........
#.............
#....)........
########...###
...# ..# ..#


You could see 3 gnolls.

Vanquished Creatures
  A dart slug (D:1)
  2 ball pythons (D:1)
  4 bats (D:1)
  5 endoplasms (D:1)
  2 goblins (D:1)
  2 hobgoblins (D:1)
  7 jackals (D:1)
  2 kobolds
  2 quokkas (D:1)
  A frilled lizard (D:1)
  3 rats (D:1)
31 creatures vanquished.

Notes
Turn   | Place    | Note
-------+----------+-------------------------------------------
     0 | D:1      | Icepheonix32 the Demonspawn Ice Elementalist began the
                  | quest for the Orb.
     0 | D:1      | Reached XP level 1. HP: 13/13 MP: 3/3
   230 | D:1      | Reached skill level 4 in Ice Magic
   263 | D:1      | Gained mutation: You are partially covered in icy blue
                  | scales. (AC +2) [demonic ancestry]
   263 | D:1      | Reached XP level 2. HP: 18/19 MP: 0/5
   467 | D:1      | Gained mutation: Your spells are a little easier to cast,
                  | but a little less powerful. [potion of mutation]
   467 | D:1      | Gained mutation: You are clumsy. (Dex -2) [potion of
                  | mutation]
   467 | D:1      | Gained mutation: You are somewhat resistant to further
                  | mutation. [potion of mutation]
  1028 | D:1      | Gained mutation: Your touch may inflict minor irresistible
                  | damage on your foes. [demonic ancestry]
  1028 | D:1      | Reached XP level 3. HP: 24/24 MP: 1/6
  1570 | D:1      | Learned a level 3 spell: Ozocubu's Armour
  1586 | D:2      | You fall into a shaft and drop 1 floor!
  1604 | D:3      | Slain by a gnoll

Illustrated notes

Levels and vault maps discovered:
D:1:      dpeg_arrival_rhombi, layout_basic, minmay_tromino_mix6
D:2:      layout_rooms, uniq_jessica, uniq_natasha
D:3:      layout_loops_cross, shapermc_ecumenical_altar_ellora, minivault_19

Skill      XL: |  1 |
---------------+----+-----
Ice Magic      | 4 |  4.6
Dodging        | |  1.7
Stealth        | |  1.7
Spellcasting   | |  2.1

Action                   || total
-------------------------++-------
Melee: Unarmed           ||    59
       Touch             ||     4
 Cast: Freeze            ||    47
       Ozocubu's Armour  ||     1
  Use: Potion            ||     1
 Stab: Sleeping          ||     2
Armor: Robe              ||    29
Dodge: Dodged            ||    82
